 Dungeon Sprint DCSS version 0.28-a0-664-gc179e30c89 (webtiles) character file.

Game seed: 6019900495331284750

1341 iamoutofideas the Brawler (level 8, -8/61 HPs)
             Began as a Ghoul Gladiator on Oct 15, 2021.
             Was a Believer of Makhleb.
             Mangled by a death knight (21 damage)
             ... in the Dungeon (Sprint IX: "|||||||||||||||||||||||||||||").
             The game lasted 00:01:52 (785 turns).

iamoutofideas the Brawler (Ghoul Gladiator)          Turns: 785, Time: 00:01:52

Health: -8/61      AC: 12    Str: 23    XL:     8   Next: 62%
Magic:  7/7        EV:  6    Int:  3    God:    Makhleb [**....]
Gold:   0          SH:  0    Dex: 10    Spells: 7/7 levels left

rFire   . . .      SeeInvis .     - Unarmed
rCold   + . .      Faith    .   (no shield)
rNeg    + + +      Spirit   .   n - +0 plate armour
rPois   ∞          Reflect  .   b - +0 helmet
rElec   .          Harm     .   m - +0 cloak
rCorr   .          Rampage  .   (no gloves)
Will    .....      NoTele   +   (no boots)
Stlth   ..........              (no amulet)
HPRegen 0.00/turn               p - +3 ring of strength
MPRegen 0.10/turn               (no ring)

@: inhibited regen, hasted, very quick
A: claws 1, cold resistance 1, negative energy resistance 3, inhibited
regeneration, torment resistance 2
a: Renounce Religion, Minor Destruction


You were in the Dungeon.
You worshipped Makhleb.
Makhleb was pleased with you.
You visited 1 branch

Inventory:

Hand Weapons
 i - a +0 dagger
Missiles
 c - 3 throwing nets (quivered)
Armour
 a - a +0 leather armour
 b - a +0 helmet (worn)
 m - a +0 cloak (worn)
 n - a +0 plate armour (worn)
Jewellery
 o - a +3 ring of intelligence
 p - a +3 ring of strength (left claw)
Wands
 l - a wand of iceblast (10)
Scrolls
 h - 2 scrolls of blinking
 k - 2 scrolls of amnesia
Potions
 d - a potion of curing
 g - 4 potions of magic
 j - a potion of invisibility


   Skills:
 - Level 2.1 Fighting
 - Level 1.7 Throwing
 - Level 2.6 Dodging
 + Level 19.8 Unarmed Combat


You had 7 spell levels left.
You didn't know any spells.
Your spell library was empty.

Dungeon Overview and Level Annotations

Branches:
Dungeon (1/1)

Altars:
Cheibriados
Dithmenos
Elyvilon
Fedhas
Gozag
Hepliaklqana
Kikubaaqudgha
Makhleb
Nemelex Xobeh
Okawaru
Qazlal
Ru
Sif Muna
Trog
Uskayaw
Vehumet
Wu Jian
Xom
Yredelemnul
Zin
The Shining One
Beogh
Jiyva
Lugonu


Innate Abilities, Weirdness & Mutations

You thrive by killing the living.
You are immune to poison.
You have sharp fingernails.
Your flesh is cold resistant. (rC+)
You are immune to negative energy. (rN+++)
You do not regenerate when monsters are visible.
You are immune to unholy pain and torment.


Message History

The troll shouts!
The death knight shouts!
The vampire mosquito buzzes angrily.
The centaur shouts!
The acid dragon roars!
The death knight offers itself to Yredelemnul, and fills with unholy energy.
You mangle the troll!!
The troll is heavily wounded.
The troll bites you. The troll claws you. The troll claws you!
You barely miss the troll.
The troll is heavily wounded.
The death knight barely misses you. The troll bites you.
The troll barely misses you. The troll claws you but does no damage.
You mangle the troll!!
You kill the troll!
Makhleb accepts your kill.
You feel better.
The death knight hits you from afar with a +0 glaive.
The death knight hits you with a +0 glaive!!
* * * LOW HITPOINT WARNING * * *
There is an open door, spattered with blood here.
You feel much better.
The death knight hits you with a +0 glaive.
You scratch the death knight but do no damage.
The howler monkey hoots and howls with incredible vigour!
You closely miss the death knight. The death knight closely misses you.
You closely miss the death knight.
The death knight hits you with a +0 glaive!
You feel yourself speed up.
The death knight hits you with a +0 glaive!
* * * LOW HITPOINT WARNING * * *
You feel better.
You scratch the death knight but do no damage.
The death knight's dark mirror aura disappears.
The death knight completely misses you.
You feel better.
You feel better.
The death knight hits you with a +0 glaive!!
* * * LOW HITPOINT WARNING * * *
You feel better.
The howler monkey hoots and howls with incredible vigour!
The death knight hits you with a +0 glaive!!
You die...

▓.▓
▓'▓
▓)▓
▓)▓
▓)▓
▓.▓
▓.▓
▓.▓
▓@▓
▓p▓
▓y▓
▓c▓
▓h▓
▓D▓
▓.▓
▓+▓


You could see a death knight, an acid dragon, a vampire mosquito, a centaur and
a howler monkey (catching breath).

Vanquished Creatures
  A two-headed ogre (D)
  A troll (D)
  2 yaks (D)
  A centaur (D)
  2 kobold brigands (D)
  A howler monkey (D)
  A worm (D)
  An orc (D)
  A goblin (D)
  A quokka (D)
  A ball python skeleton (D)
  2 bats (D)
  2 frilled lizards (D)
17 creatures vanquished.

Notes
Turn   | Place    | Note
-------+----------+-------------------------------------------
     0 | D        | iamoutofideas the Ghoul Gladiator began the quest for the
                  | Orb.
     0 | D        | Reached XP level 1. HP: 17/17 MP: 0/0
    15 | D        | Reached skill level 4 in Unarmed Combat
    24 | D        | Reached skill level 5 in Unarmed Combat
    64 | D        | Noticed a howler monkey
    71 | D        | Reached XP level 2. HP: 21/24 MP: 1/1
    90 | D        | Killed a howler monkey
    91 | D        | Reached skill level 8 in Unarmed Combat
    91 | D        | Reached XP level 3. HP: 12/29 MP: 2/2
   381 | D        | Found a snail-covered altar of Cheibriados.
   381 | D        | Found a shadowy altar of Dithmenos.
   381 | D        | Found a blossoming altar of Fedhas.
   381 | D        | Found an opulent altar of Gozag.
   382 | D        | Found a hazy altar of Hepliaklqana.
   383 | D        | Found a viscous altar of Jiyva.
   384 | D        | Found an ancient bone altar of Kikubaaqudgha.
   385 | D        | Found a corrupted altar of Lugonu.
   386 | D        | Found a burning altar of Makhleb.
   387 | D        | Found a sparkling altar of Nemelex Xobeh.
   388 | D        | Found an iron altar of Okawaru.
   389 | D        | Found a stormy altar of Qazlal.
   390 | D        | Found a sacrificial altar of Ru.
   391 | D        | Found a shimmering blue altar of Sif Muna.
   392 | D        | Found a bloodstained altar of Trog.
   393 | D        | Found a hide-covered altar of Uskayaw.
   394 | D        | Became a worshipper of Makhleb the Destroyer
   395 | D        | Found a radiant altar of Vehumet.
   396 | D        | Found an ornate altar of the Wu Jian Council.
   397 | D        | Found a shimmering altar of Xom.
   398 | D        | Found a basalt altar of Yredelemnul.
   442 | D        | Noticed a kobold brigand
   442 | D        | Noticed a two-headed ogre
   442 | D        | Noticed a yak
   442 | D        | Noticed a yak
   442 | D        | Noticed a kobold brigand
   442 | D        | Noticed a centaur
   451 | D        | Killed a kobold brigand
   452 | D        | Reached skill level 11 in Unarmed Combat
   452 | D        | Reached XP level 4. HP: 36/36 MP: 3/3
   452 | D        | Reached XP level 5. HP: 41/41 MP: 4/4
   458 | D        | HP: 1/41 [two-headed ogre (4)]
   460 | D        | Killed a two-headed ogre
   461 | D        | Reached skill level 17 in Unarmed Combat
   461 | D        | Reached XP level 6. HP: 28/48 MP: 5/5
   461 | D        | Reached XP level 7. HP: 32/55 MP: 6/6
   465 | D        | Killed a yak
   465 | D        | Reached * piety under Makhleb
   466 | D        | Reached skill level 18 in Unarmed Combat
   466 | D        | Reached XP level 8. HP: 32/61 MP: 7/7
   470 | D        | Killed a yak
   479 | D        | Reached ** piety under Makhleb
   480 | D        | Reached skill level 19 in Unarmed Combat
   771 | D        | Noticed a troll
   771 | D        | Noticed a death knight
   774 | D        | Killed a troll
   785 | D        | Mangled by a death knight

Illustrated notes

Levels and vault maps discovered:
D:        linesprint [early_d, line_temple, items_1, d_10, items_2, lair_1,
          lair_end, items_3, orc_1, orc_end, items_4, d_15, swamp_1, shoals_1,
          snake_1, spider_1, d_20, vaults_1, items_5, swamp_end, shoals_end,
          snake_end, spider_end, vaults_end, d_27, items_6, zot_1, zot_end,
          crypt_end, forest_end, elf_end, slime_end, tomb_end, abyss_end,
          pan_hell_end]

Skill      XL: |  1  2  3  4  5  6  7  8 |
---------------+-------------------------+-----
Unarmed Combat | 5 8 11 17 18 19 | 19.8
Fighting       | |  2.1
Throwing       | |  1.7
Dodging        | |  2.6

Action                   |  1- 3 |  4- 6 |  7- 9 || total
-------------------------+-------+-------+-------++-------
Melee: Unarmed           |    57 |     7 |    24 ||    88
       Punch             |       |       |     1 ||     1
  Use: Potion            |       |     1 |     7 ||     8
Armor: Leather armour    |     8 |       |       ||     8
       Plate armour      |     5 |     1 |     4 ||    10
Dodge: Dodged            |    26 |     3 |     8 ||    37

Table legend: (Time is in decaauts)
 A = Elapsed time spent in this place.
 B = Non-inter-level travel time spent in this place.
 C = Inter-level travel time spent in this place.
 D = Time resting spent in this place.
 E = Time spent auto-exploring this place.
 F = Levels seen in this place.
 G = Mean time per level.
                   A        B        C        D        E       F      G
               +--------+--------+--------+--------+--------+-----+--------+
         Total |    768 |    768 |      0 |    587 |      0 |   1 |  768.0 |
       Dungeon |    768 |    768 |      0 |    587 |      0 |   1 |  768.0 |
               +--------+--------+--------+--------+--------+-----+--------+

Top non-repeatable levels by time:
       D: 768 daAuts
